Map: Ruins of Seras

Players

disieh - Winner!

  • Race: Terran Terran
  • League: Silver

samAel

  • Race: Protoss Protoss
  • League: Silver

VOD

Have the link to the VOD?

Description

Time

  • Played on: July 19, 2015, 12:24 p.m.
  • Length: 17:40
Show
View Real Time Build Order
Export as new Build Order

disieh Terran - Winner!

Build Orders:  

Get SALT Encoding   

  12  0:02  SCV  
  13  0:14  SCV  
  13  0:18  Supply Depot  
  14  0:26  SCV  
  15  0:40  SCV  
  15  0:42  Barracks  
  16  0:48  Refinery  
  16  0:54  SCV  
  17  1:02  Barracks  
  17  1:06  SCV  
  18  1:18  SCV  
  19  1:30  Orbital Command  
  19  1:32  Supply Depot  
  19  1:33  Marine  
  20  1:52  Factory  
  20  1:53  Marine x2  
  22  2:03  SCV  
  23  2:11  Marine x2  
  25  2:16  Refinery  
  25  2:19  SCV  
  26  2:29  Marine  
  27  2:30  Barracks Tech Lab  
  27  2:31  SCV  
  28  2:41  Supply Depot  
  28  2:43  SCV  
  29  2:45  Starport  
  29  2:52  Marine x2  
  31  3:02  Supply Depot, Widow Mine  
  31  3:03  SCV  
  34  3:10  Stimpack  
  34  3:13  Marine x2  
  34  3:15  SCV  
  36  3:23  Supply Depot  
  36  3:28  Medivac  
  36  3:31  Widow Mine  
  41  3:34  SCV  
  41  3:37  Marine  
  41  3:38  Marine  
  43  3:46  SCV  
  44  4:05  Command Center  
  44  4:08  SCV  
  45  4:10  Starport Reactor  
  45  4:11  Widow Mine  
  45  4:14  Marine  
  48  4:20  SCV, Marauder  
  51  4:31  Bunker  
  51  4:33  SCV  
  51  4:37  Marine  
  53  4:45  Engineering Bay  
  46  4:54  Marauder  
  46  4:55  Marine  
  44  5:12  Marine  
  45  5:15  Marine  
  45  5:16  Widow Mine  
  45  5:17  Medivac  
  47  5:30  Marine  
  15  6:29  Command Center  
  15  6:31  Supply Depot  
  15  6:32  Supply Depot  
  15  6:34  Supply Depot  
  15  7:17  Orbital Command  
  13  7:59  SCV  
  13  8:04  Factory Tech Lab  
  14  8:11  SCV  
  14  8:12  Orbital Command  
  15  8:15  Refinery  
  15  8:22  Marine  
  15  8:23  SCV, Marine  
  18  8:35  Siege Tank  
  18  8:40  Marine  
  22  8:43  Marine  
  21  9:39  Supply Depot, SCV  
  21  9:40  Supply Depot  
  21  9:44  Supply Depot  
  22  9:48  Orbital Command  
  22  9:52  SCV  
  20  10:04  SCV  
  21  10:11  Factory  
  21  10:12  Factory  
  21  10:41  SCV  
  21  10:42  SCV  
  23  10:52  Factory  
  23  10:53  SCV  
  23  10:54  SCV  
  25  11:06  SCV x2  
  25  11:08  Widow Mine x2  
  31  11:14  Refinery  
  31  11:34  SCV x2  
  31  11:36  Widow Mine  
  35  11:43  Supply Depot, Widow Mine  
  35  11:46  SCV x2  
  39  11:49  Widow Mine  
  41  11:58  SCV  
  42  12:05  Widow Mine  
  42  12:06  Factory  
  44  12:11  SCV x2, Widow Mine  
  48  12:25  Widow Mine  
  50  12:33  Widow Mine  
  50  12:35  Engineering Bay  
  50  12:37  SCV x2  
  53  12:40  Widow Mine  
  56  12:49  SCV  
  57  12:53  Factory Reactor  
  57  12:54  Widow Mine  
  59  13:02  Widow Mine  
  61  13:08  Widow Mine  
  63  13:22  Widow Mine  
  65  13:31  Command Center, Missile Turret  
  65  13:33  Command Center  
  65  13:35  Widow Mine x2  
  65  13:37  Widow Mine  
  65  13:39  Missile Turret  
  71  13:46  Factory Tech Lab  
  69  13:51  Armory, Widow Mine  
  71  14:04  Widow Mine x2  
  71  14:05  Widow Mine  
  79  14:19  Refinery, Widow Mine  
  79  14:20  Refinery  
  79  14:24  Command Center  
  77  14:28  SCV x2  
  79  14:32  Widow Mine x2  
  79  14:34  Widow Mine  
  78  14:56  Barracks  
  78  14:58  Drilling Claws  
  78  15:00  Widow Mine x2  
  78  15:01  Widow Mine  
  84  15:25  Widow Mine x2  
  88  15:28  Widow Mine  
  88  15:29  Widow Mine x2  
  88  16:11  Widow Mine x4  
  92  16:21  Widow Mine  
  94  16:39  Widow Mine x2  
  94  16:40  Widow Mine x2  
  94  16:42  Command Center  
  102  16:50  Widow Mine  
  102  17:06  Factory  
  102  17:08  Widow Mine x3  
Show
View Real Time Build Order
Export as new Build Order

samAel Protoss 

Build Orders: Mass Adepts 

Get SALT Encoding   

  12  0:01  Probe  
  13  0:14  Pylon  
  13  0:20  Probe  
  14  0:34  Gateway  
  14  0:39  Probe (Chrono Boost)  
  15  0:50  Assimilator  
  15  0:51  Probe (Chrono Boost)  
  16  1:01  Probe (Chrono Boost)  
  17  1:09  Gateway, Probe (Chrono Boost)  
  18  1:16  Probe (Chrono Boost)  
  19  1:21  Cybernetics Core  
  19  1:30  Zealot  
  21  1:37  Pylon  
  21  1:39  Probe  
  22  1:55  Probe  
  22  1:57  Warp Gate (Chrono Boost)  
  25  2:01  Adept (Chrono Boost)  
  25  2:06  Adept (Chrono Boost)  
  27  2:22  Adept  
  29  2:30  Pylon  
  29  2:49  Gateway, Adept (Chrono Boost)  
  31  2:53  Gateway, Adept (Chrono Boost)  
  33  3:06  Pylon  
  33  3:08  Adept (Chrono Boost)  
  35  3:15  Adept  
  37  3:52  Adept  
  37  3:53  Adept x3  
  45  3:57  Pylon  
  45  4:16  Adept x4  
  53  4:39  Pylon  
  53  4:42  Pylon  
  43  5:07  Adept x2  
  43  5:08  Adept x2  
  51  5:18  Pylon  
  44  5:37  Adept x3  
  44  5:38  Adept  
  52  6:00  Robotics Facility  
  43  6:35  Stalker  
  45  6:51  Observer (Chrono Boost)  
  44  7:12  Probe (Chrono Boost)  
  45  7:17  Zealot x2  
  45  7:22  Probe (Chrono Boost)  
  50  7:29  Probe  
  51  7:41  Probe  
  52  7:50  Zealot  
  54  7:53  Probe  
  55  8:15  Probe (Chrono Boost)  
  56  8:25  Probe (Chrono Boost)  
  57  8:33  Probe (Chrono Boost)  
  58  8:44  Probe (Chrono Boost)  
  59  8:50  Probe (Chrono Boost)  
  60  9:06  Stargate  
  58  9:12  Probe (Chrono Boost)  
  59  9:22  Probe (Chrono Boost)  
  60  9:38  Probe (Chrono Boost)  
  61  9:47  Probe (Chrono Boost)  
  62  9:55  Probe  
  63  10:17  Zealot x4  
  71  10:26  Void Ray (Chrono Boost)  
  75  10:30  Probe  
  76  10:42  Stalker  
  78  10:52  Pylon  
  78  11:10  Probe  
  79  11:24  Void Ray (Chrono Boost)  
  83  13:23  Nexus  
  83  13:24  Void Ray  
  86  14:36  Pylon  
  86  14:38  Pylon  
  86  14:40  Pylon  
  86  14:42  Pylon  
  86  14:45  Zealot x2  
  86  14:46  Zealot x2  
  94  15:18  Assimilator  
  94  15:22  Assimilator  
  94  15:56  Pylon  
  94  15:58  Pylon  
  94  16:02  Pylon  
  88  16:07  Nexus  
  48  16:19  Stalker x3  
  48  16:20  Stalker  
  48  16:29  Observer (Chrono Boost)  
  49  16:43  Observer (Chrono Boost)  
  50  16:49  Adept x2  
  50  16:50  Adept x2  
  58  16:55  Pylon  
  38  17:14  Adept  
  38  17:15  Adept x2  
  28  17:16  Adept  
Tags
 
Add a new tag
Caveats
  • Supply blocks, unpowered buildings, or Contaminate may cause inaccurate times.
  • Supply counts are checked every 10 seconds.